 Dungeon Crawl Stone Soup version 0.29-a0-555-g3b24f45cc1 (webtiles) character file.

Game seed: 11756696284977466427

29 Newt the Conjurer (level 3, -1/14 HPs)
             Began as a Felid Conjurer on June 7, 2022.
             Slain by Pargi (3 damage)
             ... on level 3 of the Dungeon.
             The game lasted 00:07:10 (411 turns).

Newt the Conjurer (Felid Conjurer)                   Turns: 411, Time: 00:07:11

Health: -1/14      AC:  1    Str:  3    XL:     3   Next: 1%
Magic:  3/7        EV: 17    Int: 19    God:
Gold:   10         SH:  0    Dex: 16    Spells: 5/6 levels left
                                        Lives:  0   Deaths: 0

rFire   . . .      SeeInvis +   (weapon unavailable)
rCold   . . .      Faith    .   (shield unavailable)
rNeg    . . .      Spirit   .   (body armour unavailable)
rPois   .          Reflect  .   (helmet unavailable)
rElec   .          Harm     .   (cloak unavailable)
rCorr   .          Rampage  .   (gloves unavailable)
Will    .....                   (boots unavailable)
Stlth   ++........              (no amulet)
HPRegen 0.04/turn               (no ring)
MPRegen 0.10/turn               (no ring)

@: quick
A: very small, claws 1, fangs 3, see invisible, speed 1, shaggy fur 1, stealthy
paws, no weapons or thrown items, no armour, multi-lived
a: no special abilities


You were on level 3 of the Dungeon.
You visited 1 branch of the dungeon, and saw 3 of its levels.

You collected 10 gold pieces.

Inventory:

Scrolls
 b - a scroll of fog {unknown}
 e - a scroll of fear {unknown}
 f - 2 scrolls of identify {unknown}
 g - a scroll of amnesia {unknown}
Potions
 a - 2 potions of magic
 c - 2 potions of resistance {unknown}
 d - a potion of mutation {unknown}


   Skills:
 + Level 2.9 Dodging
 + Level 3.1 Stealth
 + Level 2.1 Spellcasting
 + Level 4.2 Conjurations


You had 5 spell levels left.
You knew the following spells:

 Your Spells              Type           Power      Damage    Failure   Level
a - Magic Dart            Conj           72%        1d6       3%          1

Your spell library contained the following spells:

 Spells                   Type           Power      Damage    Failure   Level
 Searing Ray              Conj           36%        2d5       4%          2
 Dazzling Flash           Conj/Hex       20%        N/A       22%         3
 Fulminant Prism          Conj/Hex       5%         3d7       56%         4
 Iskenderun's Mystic Bla  Conj/Tloc      10%        2d4       56%         4


Dungeon Overview and Level Annotations

Branches:
Dungeon (3/15)

Altars:

Annotations:
D:3 Pargi


Innate Abilities, Weirdness & Mutations

You have sharp claws.
You have razor-sharp teeth.
You have supernaturally acute eyesight. (SInv)
You cover ground quickly. (Speed+)
You are covered in fur. (AC +1)
Your paws help you pounce on unaware monsters.
You are incapable of wielding weapons or throwing items.
You cannot wear armour.
You gain extra lives every three experience levels.


Message History

The magic dart hits Pargi.
Pargi is lightly wounded.
Casting: Magic Dart (safe; 3% risk of failure)
Confirm with . or Enter, or press ? or * to list all spells.
Aiming: Magic Dart (safe; 3% risk of failure)
Press: ? - help, Shift-Dir - straight line, f/p - Pargi
Aim: Pargi (100% to hit)
The magic dart hits Pargi.
Pargi is lightly wounded.
A kobold comes into view. It is wielding a +0 club.
Pargi clenches his teeth.
Casting: Magic Dart (safe; 3% risk of failure)
Confirm with . or Enter, or press ? or * to list all spells.
Aiming: Magic Dart (safe; 3% risk of failure)
Press: ? - help, Shift-Dir - straight line, f - kobold, p - Pargi
Aim: a kobold, wielding a +0 club (wandering, hasn't noticed you, 100% to hit)
The magic dart hits the kobold.
You kill the kobold!
Pargi bites you. Pargi claws you.
* * * LOW HITPOINT WARNING * * *
Pargi completely misses you.
Things that are here:
a +0 club; a kobold corpse A rat comes into view.
Pargi closely misses you. Pargi completely misses you. Pargi barely misses you.
Found a stone staircase leading up.
Pargi snarls, "Go!
Away!"
There is a stone staircase leading up here.
Unknown command.
Unknown command.
There are no items here.
You climb upwards.
Found 8 stones.
There is a stone staircase leading down here.
You climb downwards.
Level annotation: Pargi Pargi bites you.
* * * LOW HITPOINT WARNING * * *
Pargi claws you.
You die...

#...# ###.
#.#### #)### ##
... # ########.#
#### #
#........# #####
#........# #...#
#........###.r.#
####...........#
#.####.##...###
#.# #......@.#
###
#####..T.......
#........#..
...###...## ####
##... .... ###.
o# ..


You could see Pargi and a rat (asleep).

Vanquished Creatures
  2 dart slugs
  3 orcs (D:3)
  An endoplasm (D:1)
  3 hobgoblins (D:1)
  2 bats (D:1)
  A frilled lizard (D:2)
  4 goblins
  3 kobolds
  3 rats (D:1)
22 creatures vanquished.

Notes
Turn   | Place    | Note
-------+----------+-------------------------------------------
     0 | D:1      | Newt the Felid Conjurer began the quest for the Orb.
     0 | D:1      | Reached XP level 1. HP: 7/7 MP: 4/4
   169 | D:1      | Reached XP level 2. HP: 9/11 MP: 4/6
   206 | D:1      | Reached skill level 4 in Conjurations
   314 | D:3      | Noticed Pargi
   367 | D:3      | Reached XP level 3. HP: 5/14 MP: 2/7
   411 | D:3      | Slain by Pargi

Illustrated notes

Levels and vault maps discovered:
D:1:      psy_arrival_spokes, layout_basic, serial_bayou, serial_bayou_pond_e,
          serial_bayou_pond_d, serial_bayou_pond_a, serial_bayou_pond_c,
          serial_bayou_shore_a, chequers_ecumenical_altar_island,
          dk_noncrumbling_2, roderic_serpentine_path
D:2:      layout_basic, interstate_on_off
D:3:      layout_rooms, uniq_pargi

Skill      XL: |  1  2 |
---------------+-------+-----
Conjurations   | 4 |  4.2
Stealth        | 3 |  3.1
Dodging        | |  2.9
Spellcasting   | |  2.1

Action                   || total
-------------------------++-------
Melee: Unarmed           ||    24
       Bite              ||     2
 Cast: Magic Dart        ||    31
Armor: Skin              ||     3
Dodge: Dodged            ||    19

Table legend: (Time is in decaauts)
 A = Elapsed time spent in this place.
 B = Non-inter-level travel time spent in this place.
 C = Inter-level travel time spent in this place.
 D = Time resting spent in this place.
 E = Time spent auto-exploring this place.
 F = Levels seen in this place.
 G = Mean time per level.
                   A        B        C        D        E       F      G
               +--------+--------+--------+--------+--------+-----+--------+
         Total |    352 |    352 |      0 |     28 |      0 |   3 |  117.3 |
       Dungeon |    352 |    352 |      0 |     28 |      0 |   3 |  117.3 |
               +--------+--------+--------+--------+--------+-----+--------+

Top non-repeatable levels by time:
     D:1: 192 daAuts
     D:3: 103 daAuts
     D:2: 56 daAuts
